 Dungeon Crawl Stone Soup version 0.30-a0-241-g1121274140 (webtiles) character file.

Game seed: 16325846811278157342

261 timneilson the Covered (level 6, -4/38 HPs)
             Began as a Gargoyle Fighter on Oct 10, 2022.
             Killed from afar by an orc wizard (8 damage)
             ... with a puff of flame
             ... on level 3 of the Dungeon.
             The game lasted 00:03:42 (1973 turns).

timneilson the Covered (Gargoyle Fighter)           Turns: 1973, Time: 00:03:42

Health: -4/38      AC: 12    Str: 21    XL:     6   Next: 18%
Magic:  6/6        EV:  9    Int:  9    God:
Gold:   149        SH:  4    Dex:  9    Spells: 5/5 levels left

rFire   . . .      SeeInvis .    a - +1 long sword
rCold   . . .      Faith    .    c - +0 buckler
rNeg    + . .      Spirit   .    b - +0 scale mail
rPois   ∞          Reflect  .    (no helmet)
rElec   +          Harm     .    d - +0 cloak
rCorr   .          Rampage  .    (no gloves)
Will    .....                    (no boots)
Stlth   ..........               (no amulet)
HPRegen 0.26/turn                (no ring)
MPRegen 0.10/turn                (no ring)

@: no status effects
A: sickness immunity, AC +4, negative energy resistance 1, electricity
resistance, torment resistance 1, petrification resistance
a: no special abilities


You were on level 3 of the Dungeon.
You visited 1 branch of the dungeon, and saw 4 of its levels.

You collected 149 gold pieces.

Inventory:

Hand Weapons
 a - a +1 long sword (weapon)
Missiles
 i - a throwing net (quivered)
Armour
 b - a +0 scale mail (worn)
 c - a +0 buckler (worn)
 d - a +0 cloak (worn)
Wands
 e - a wand of iceblast (3)
Scrolls
 k - a scroll of identify
Potions
 g - a potion of lignification
 l - a potion of ambrosia


   Skills:
 + Level 4.0 Fighting
 * Level 3.1 Long Blades
 * Level 4.6 Armour
 + Level 1.2 Dodging
 * Level 4.5 Shields
 + Level 1.0 Evocations


You had 5 spell levels left.
You didn't know any spells.
Your spell library contained the following spells:

 Spells                   Type           Power      Damage    Failure   Level
 Beastly Appendage        Tmut           0%         N/A       80%         1
 Wereblood                Tmut           0%         N/A       91%         2
 Gell's Gravitas          Tloc           0%         N/A       99%         3
 Ozocubu's Armour         Ice            0%         N/A       99%         3
 Spider Form              Tmut/Pois      0%         N/A       99%         3
 Teleport Other           Tloc           0%         N/A       99%         3
 Tukima's Dance           Hex            0%         N/A       99%         3
 Passage of Golubria      Tloc           0%         N/A       100%        4
 Yara's Violent Unravell  Hex/Tmut       0%         3d3       100%        5
 Dispersal                Tloc           0%         N/A       100%        6
 Ozocubu's Refrigeration  Ice            0%         4d7       100%        7


Dungeon Overview and Level Annotations

Branches:
Dungeon (4/15)
 Temple: D:4-7

Altars:
Dithmenos

Annotations:
D:3 2 transporters


Innate Abilities, Weirdness & Mutations

You are immune to sickness and miasma.
Your stone body is resilient. (AC +4)
You are immune to poison.
You resist negative energy. (rN+)
You are resistant to electric shocks. (rElec)
You are resistant to unholy torment.
You are immune to petrification.


Message History

Something tries to affect you, but you resist.
Something hits you but does no damage.
You miss something. Something hits you but does no damage.
You completely miss something. Something hits you but does no damage.
You slash something!
Something hits you but does no damage. x2
You completely miss something.
You feel less confused. Something hits you but does no damage.
You barely miss something.
You hear some strange, mumbled words.
You are confused.
You barely miss something. Something completely misses you.
You bump into the rock wall.
You hear some strange, mumbled words.
You are more confused.
You miss something.
An orc wizard appears from thin air!
Reactivating autopickup.
The orc wizard mumbles some strange words.
The orc wizard flickers and vanishes!
Deactivating autopickup; reactivate with Ctrl-A.
Something hits you.
* * * LOW HITPOINT WARNING * * *
You miss something. Something hits you but does no damage.
You closely miss something. Something hits you.
* * * LOW HITPOINT WARNING * * *
You bump into the rock wall.
Something hits you but does no damage.
You closely miss something. Something hits you.
* * * LOW HITPOINT WARNING * * *
You bump into the rock wall.
Something hits you but does no damage.
You closely miss something. Something hits you.
* * * LOW HITPOINT WARNING * * *
Something hits you but does no damage.
You miss something. Something hits you.
* * * LOW HITPOINT WARNING * * *
You bump into the rock wall.
You feel less confused.
You hear some strange, mumbled words.
A puff of flame appears from out of thin air!
The puff of flame hits you!
You die...

#..........## ####....
#..........# #....#..
#..........# ##.......
#.......>..###.......©
#...........##.#.(####
#....o....#.#..#..#8.©
#####o#.....#.##..#P(?
#{##..........###+
###@#..)........#SPS
#...#...........#~S~
#.###...........#~~S
##...............#~~⌠
#...##..(........#~~P
#.#.##...........#~..
#.#.##...........#~..
#................###+
#<####...........#P./


You could see 2 orcs.

Vanquished Creatures
  Grinder (D:3)
  A gnoll (D:1)
  2 adders (D:2)
  A dart slug (D:2)
  2 orcs (D:3)
  3 bats (D:1)
  4 endoplasms
  A giant cockroach (D:1)
  3 goblins
  A hobgoblin (D:2)
  4 jackals (D:1)
  2 kobolds (D:3)
  A quokka (D:2)
  8 ball pythons
  4 frilled lizards
  A rat (D:1)
39 creatures vanquished.

Notes
Turn   | Place    | Note
-------+----------+-------------------------------------------
     0 | D:1      | timneilson the Gargoyle Fighter began the quest for the
                  | Orb.
     0 | D:1      | Reached XP level 1. HP: 14/14 MP: 1/1
   179 | D:1      | Reached XP level 2. HP: 19/19 MP: 2/2
   420 | D:1      | Reached XP level 3. HP: 11/23 MP: 3/3
   890 | D:2      | Found a faded altar of an unknown god.
  1061 | D:2      | Found a shadowy altar of Dithmenos.
  1322 | D:2      | Reached XP level 4. HP: 26/28 MP: 4/4
  1489 | D:3      | Found a transporter.
  1492 | D:3      | Found a transporter.
  1524 | D:3      | Noticed Grinder
  1545 | D:3      | Paralysed by Grinder for 5 turns
  1559 | D:3      | Paralysed by Grinder for 3 turns
  1567 | D:3      | Killed Grinder
  1568 | D:3      | Reached skill level 1 in Dodging
  1568 | D:3      | Reached skill level 1 in Evocations
  1568 | D:3      | Reached XP level 5. HP: 11/33 MP: 5/5
  1568 | D:3      | Reached XP level 6. HP: 13/38 MP: 6/6
  1973 | D:3      | Killed from afar by an orc wizard

Illustrated notes

Levels and vault maps discovered:
D:1:      sevenhm_arrival_forest_fort_small_3, layout_basic,
          serial_bayou_lagoon_a, nrook_loot_triangle
D:2:      layout_loops_cross, basic_altar, basic_ecumenical_altar
D:3:      gammafunk_steamed_eel, layout_rooms, uniq_grinder
D:4:      layout_cave_pods, mainiacjoe_overflow_divided_tiny,
          grunt_dithmenos_smoke, ebering_ghost_rock_garden,
          columned_hall_lemuel, nicolae_inconvenience_store,
          nicolae_wooded_promenade, minmay_misc_feat_tiny

Skill      XL: |  1  2  3  4 |
---------------+-------------+-----
Long Blades    | 2 3 |  3.1
Armour         | 4 |  4.6
Fighting       | 4 |  4.0
Dodging        | 1 |  1.2
Shields        | 4 |  4.5
Evocations     | 1 |  1.0

Action                   |  1- 3 |  4- 6 || total
-------------------------+-------+-------++-------
Melee: Long sword        |   104 |    69 ||   173
Evoke: Wand              |       |     1 ||     1
  Use: Scroll            |     3 |     7 ||    10
       Potion            |       |     2 ||     2
Armor: Scale mail        |    64 |    52 ||   116
Dodge: Dodged            |    43 |    21 ||    64
Block: Buckler           |    21 |    10 ||    31

Table legend: (Time is in decaauts)
 A = Elapsed time spent in this place.
 B = Non-inter-level travel time spent in this place.
 C = Inter-level travel time spent in this place.
 D = Time resting spent in this place.
 E = Time spent auto-exploring this place.
 F = Levels seen in this place.
 G = Mean time per level.
                   A        B        C        D        E       F      G
               +--------+--------+--------+--------+--------+-----+--------+
         Total |   2041 |   1988 |     53 |     90 |   1461 |   4 |  510.2 |
       Dungeon |   2041 |   1988 |     53 |     90 |   1461 |   4 |  510.2 |
               +--------+--------+--------+--------+--------+-----+--------+

Top non-repeatable levels by time:
     D:1: 842 daAuts
     D:2: 760 daAuts
     D:3: 423 daAuts
     D:4: 15 daAuts
